 Dungeon Crawl Stone Soup version 0.29-a0-234-g0dae59b3db (webtiles) character file.

Game seed: 5874268368223503532

245 HotDog the Covered (level 6, -2/38 HPs)
             Began as a Gargoyle Fighter on Mar 2, 2022.
             Slain by an orc priest
             ... wielding a +0 hand axe
              (4 damage)
             ... on level 4 of the Dungeon.
             The game lasted 00:05:43 (4307 turns).

HotDog the Covered (Gargoyle Fighter)               Turns: 4307, Time: 00:05:47

Health: -2/38      AC: 12    Str: 21    XL:     6   Next: 10%
Magic:  6/6        EV:  9    Int:  9    God:
Gold:   161        SH:  4    Dex:  9    Spells: 5/5 levels left

rFire   . . .      SeeInvis +   a - +0 flail
rCold   . . .      Faith    .   c - +0 buckler
rNeg    + + .      Spirit   .   b - +0 scale mail
rPois   ∞          Reflect  .   (no helmet)
rElec   +          Harm     .   f - +0 cloak
rCorr   .          Rampage  .   (no gloves)
Will    .....                   (no boots)
Stlth   ..........              (no amulet)
HPRegen 0.12/turn               m - ring of positive energy
MPRegen 0.10/turn               r - ring of see invisible

@: no status effects
A: sickness immunity, AC +4, negative energy resistance 1, electricity
resistance, torment resistance 1, petrification resistance
a: no special abilities


You were on level 4 of the Dungeon.
You visited 1 branch of the dungeon, and saw 4 of its levels.

You collected 161 gold pieces.

Inventory:

Hand Weapons
 a - a +0 flail (weapon)
Missiles
 s - a throwing net (quivered)
Armour
 b - a +0 scale mail (worn)
 c - a +0 buckler (worn)
 f - a +0 cloak (worn)
Jewellery
 m - a ring of positive energy (left hand)
 r - a ring of see invisible (right hand)
Wands
 l - a wand of charming (5)
 t - a wand of mindburst (6)
 w - a wand of iceblast (10)
Scrolls
 i - a scroll of teleportation {unknown}
 j - 2 scrolls of vulnerability
 n - 2 scrolls of amnesia {unknown}
 p - 3 scrolls of identify
 u - a scroll of brand weapon {unknown}
 x - a scroll of magic mapping
Potions
 d - a potion of might
 e - 2 potions of cancellation
 g - a potion of degeneration {unknown}
 h - a potion of ambrosia
 k - a potion of heal wounds {unknown}
 o - a potion of flight {unknown}
 q - 3 potions of attraction {unknown}
 v - 2 potions of lignification {unknown}


   Skills:
 * Level 4.1 Fighting
 * Level 4.1 Maces & Flails
 * Level 4.5 Armour
 * Level 1.1 Dodging
 * Level 4.1 Shields


You had 5 spell levels left.
You didn't know any spells.
Your spell library contained the following spells:

 Spells                   Type           Power      Damage    Failure   Level
 Summon Small Mammal      Summ           0%         N/A       80%         1
 Ensorcelled Hibernation  Hex/Ice        0%         N/A       91%         2
 Call Canine Familiar     Summ           0%         N/A       99%         3
 Spider Form              Tmut/Pois      0%         N/A       99%         3
 Summon Guardian Golem    Hex/Summ       0%         N/A       99%         3
 Anguish                  Hex/Necr       0%         N/A       100%        4


Dungeon Overview and Level Annotations

Branches:
Dungeon (4/15)
 Temple: D:4-7

Altars:
Ru
Wu Jian


Innate Abilities, Weirdness & Mutations

You are immune to sickness and miasma.
Your stone body is resilient. (AC +4)
You are immune to poison.
You resist negative energy. (rN+)
You are resistant to electric shocks. (rElec)
You are resistant to unholy torment.
You are immune to petrification.


Message History

You're too confused to move!
The orc wizard points at you and mumbles some strange words.
The magic dart hits you. The orc wizard casts a spell at you.
You are more confused.
The orc wizard hits you but does no damage.
You bump into the rock wall.
The orc wizard barely misses you. The orc wizard casts a spell at you.
You resist with some effort.
You bump into the rock wall.
You thump the orc wizard!
The orc wizard is severely wounded.
The orc priest invokes the aid of Beogh against you.
Beogh smites you! The orc wizard casts a spell at you.
You resist with some effort.
You're too confused to move!
The orc wizard casts a spell at you.
You are more confused.
The orc wizard points at you and mumbles some strange words.
The magic dart hits you.
* * * LOW HITPOINT WARNING * * *
The orc wizard points at you and mumbles some strange words.
The puff of flame hits you.
* * * LOW HITPOINT WARNING * * *
You bump into the rock wall.
The orc wizard hits you but does no damage.
The orc wizard hits you with a +0 dagger.
* * * LOW HITPOINT WARNING * * *
You bump into the rock wall.
The orc wizard completely misses you.
You barely miss the orc priest.
You feel less confused.
The orc wizard hits you but does no damage.
You hit the orc priest.
The orc priest is heavily wounded.
The orc wizard gestures at you while chanting.
The puff of flame misses you. The orc priest completely misses you.
The orc wizard hits you but does no damage.
The orc priest hits you with a +0 hand axe.
You die...

###.# ..#.# ###### #.#.#
#....# #.#.# #....# #.#$#
######....###.#.###########
........>....g..o.g........
######..###oo#.###########
#....)<)..#o@#...
##.###..###..#####
#.......<..........
#######.########### ....
###.## #.# #.# #..


You could see an orc priest, an orc wizard, an orc and a hobgoblin.

Vanquished Creatures
  A hound (D:2)
  3 orc wizards (D:3)
  Ijyb (D:3)
  3 adders (D:3)
  A white imp (D:3)
  A worm (D:2)
  A dart slug (D:3)
  10 orcs
  2 ball pythons (D:1)
  6 endoplasms
  4 giant cockroaches
  2 goblins
  8 hobgoblins
  2 jackals (D:2)
  4 quokkas
  6 bats
  4 frilled lizards
  5 kobolds
  4 rats
68 creatures vanquished.

Vanquished Creatures (others)
  42 plants
42 creatures vanquished.

Grand Total: 110 creatures vanquished

Notes
Turn   | Place    | Note
-------+----------+-------------------------------------------
     0 | D:1      | HotDog the Gargoyle Fighter began the quest for the Orb.
     0 | D:1      | Reached XP level 1. HP: 14/14 MP: 1/1
   133 | D:1      | Reached XP level 2. HP: 19/19 MP: 2/2
   797 | D:1      | Found a faded altar of an unknown god.
   913 | D:1      | Reached XP level 3. HP: 23/23 MP: 3/3
  1881 | D:2      | Reached XP level 4. HP: 8/29 MP: 4/4
  2340 | D:3      | Found an ornate altar of the Wu Jian Council.
  2545 | D:3      | Reached XP level 5. HP: 10/33 MP: 5/5
  2807 | D:3      | Noticed Ijyb
  2820 | D:3      | Killed Ijyb
  3481 | D:3      | Reached skill level 1 in Dodging
  3809 | D:3      | Found a sacrificial altar of Ru.
  3902 | D:3      | Reached XP level 6. HP: 29/38 MP: 6/6
  4307 | D:4      | Slain by an orc priest

Illustrated notes

Levels and vault maps discovered:
D:1:      lightli_arrival_quake, layout_basic,
          ebering_ecumenical_altar_petrified
D:2:      layout_loops_ring, serial_bayou, serial_bayou_pond_a,
          serial_bayou_shore_b, serial_bayou_lagoon_a, serial_bayou_shore_b,
          serial_bayou_pond_a, serial_bayou_shore_b
D:3:      layout_basic, mainiacjoe_overflow_24_doors,
          nicolae_ru_the_path_less_chosen, minmay_joined_circles, uniq_ijyb
D:4:      layout_basic, mainiacjoe_overflow_alcove_2, okawaru_gym_becter,
          uniq_duvessa, uniq_menkaure, uniq_blork_the_orc

Skill      XL: |  1  2  3  4  5 |
---------------+----------------+-----
Maces & Flails | 3 4 |  4.1
Armour         | 4 |  4.5
Fighting       | 4 |  4.1
Shields        | 4 |  4.1
Dodging        | 1 |  1.1

Action                   |  1- 3 |  4- 6 || total
-------------------------+-------+-------++-------
Melee: Flail             |   123 |   154 ||   277
  Use: Scroll            |     4 |       ||     4
Armor: Scale mail        |    70 |    98 ||   168
Dodge: Dodged            |    63 |    86 ||   149
Block: Buckler           |    23 |    49 ||    72

Table legend: (Time is in decaauts)
 A = Elapsed time spent in this place.
 B = Non-inter-level travel time spent in this place.
 C = Inter-level travel time spent in this place.
 D = Time resting spent in this place.
 E = Time spent auto-exploring this place.
 F = Levels seen in this place.
 G = Mean time per level.
                   A        B        C        D        E       F      G
               +--------+--------+--------+--------+--------+-----+--------+
         Total |   4401 |   4238 |    163 |   1031 |   2542 |   4 | 1100.2 |
       Dungeon |   4401 |   4238 |    163 |   1031 |   2542 |   4 | 1100.2 |
               +--------+--------+--------+--------+--------+-----+--------+

Top non-repeatable levels by time:
     D:3: 2022 daAuts
     D:1: 1222 daAuts
     D:2: 1097 daAuts
     D:4: 58 daAuts
